 Dungeon Crawl Stone Soup version 0.31.0-32-g396128a36d (webtiles) character file.

Game seed: 7513895724246260000

1070 booth the Gusty (level 8, -12/57 HPs)
             Began as a Pale Draconian Air Elementalist on Mar 20, 2024.
             Was a Follower of Vehumet.
             Killed from afar by Maggie (34 damage)
             ... with a bolt of fire
             ... on level 6 of the Dungeon.
             The game lasted 00:37:34 (6731 turns).

booth the Gusty (Pale Draconian Air Elementalist)   Turns: 6731, Time: 00:37:34

Health: -12/57     AC: 12    Str: 10    XL:     8   Next: 7%
Magic:  3/14       EV: 13    Int: 17    God:    Vehumet [*.....]
Gold:   1609       SH:  0    Dex: 13    Spells: 5/15 levels left

rFire   . . .        c - +1 short sword (elec)
rCold   . . .        (no shield)
rNeg    . . .        (body armour unavailable)
rPois   .            (helmet restricted)
rElec   .            n - +0 cloak
rCorr   .            r - +0 pair of gloves
SInv    .            (no boots)
Will    .....        i - amulet of the acrobat
Stlth   +++          h - +4 ring of protection
HPRegen 0.29/turn    (no ring)
MPRegen 0.14/turn

%: acrobat
@: mesmerised
A: breathe steam, AC +6, unfitting armour, cold-blooded, steam resistance
a: Breathe Steam, Renounce Religion


You were on level 6 of the Dungeon.
You worshipped Vehumet.
Vehumet was aware of your devotion.
You visited 2 branches of the dungeon, and saw 7 of its levels.

You collected 1717 gold pieces.
You spent 108 gold pieces at shops.

Inventory:

Hand Weapons
 c - a +1 short sword of electrocution (weapon)
 e - a +0 hand axe
 z - a +2 dagger of speed
Missiles
 f - 10 boomerangs
 k - 5 poisoned darts (quivered)
 t - 3 javelins
Armour
 n - a +0 cloak (worn)
 r - a +0 pair of gloves (worn)
Jewellery
 h - a +4 ring of protection (left hand)
 i - an amulet of the acrobat (around neck)
Wands
 l - a wand of roots (9)
 o - a wand of digging (4)
Scrolls
 b - a scroll of summoning
 s - a scroll of vulnerability {unknown}
 u - 3 scrolls of silence
 v - a scroll of amnesia
 w - a scroll of fear {unknown}
 x - a scroll of fog {unknown}
 y - a scroll of revelation
Potions
 a - a potion of magic
 d - a potion of might
 g - 2 potions of curing
 j - 2 potions of haste
 m - 2 potions of lignification
 q - a potion of enlightenment {unknown}
 A - a potion of degeneration {unknown}


   Skills:
 + Level 4.1 Dodging
 + Level 4.4 Stealth
 + Level 4.2 Spellcasting
 + Level 2.6 Conjurations
 + Level 6.8 Air Magic


You had 5 spell levels left.
You knew the following spells:

 Your Spells              Type           Power      Damage    Failure   Level
a - Shock                 Conj/Air       76%        1d7       2%          1
b - Static Discharge      Conj/Air       38%        3-5/arc   3%          2
c - Swiftness             Air            26%        N/A       2%          3
d - Airstrike             Air            13%        2d(2-18)  9%          4

Your spell library contained the following spells:

 Spells                   Type           Power      Damage    Failure   Level
 Magic Dart               Conj           48%        1d5       5%          1
 Hailstorm                Conj/Ice       8%         3d5       26%         3
 Summon Ice Beast         Ice/Summ       3%         N/A       43%         3
 Alistair's Intoxication  Alch           2%         N/A       99%         5
 Borgnjor's Vile Clutch   Necr/Erth      1%         N/A       99%         5
 Eringya's Noxious Bog    Alch           1%         4d6       100%        6
 Sculpt Simulacrum        Ice/Alch       1%         N/A       100%        6


Dungeon Overview and Level Annotations

Branches:
Dungeon (6/15)             Temple (1/1) D:4

Altars:
Ashenzari
Dithmenos
Elyvilon
Gozag
Hepliaklqana
Makhleb
Nemelex Xobeh
Okawaru
Qazlal
Ru
Trog
Uskayaw
Vehumet
Xom
Yredelemnul
The Shining One

Shops:
D:3 !   D:4 *

Annotations:
D:3 1 runed translucent door, Alphaeus's ghost, amateur OpSh
D:5 1 runed translucent door, AbbaRin's ghost, novice DECj
D:6 Maggie


Innate Abilities, Weirdness & Mutations

You can breathe blasts of scalding, opaque steam.
Your pale cyan-grey scales are hard. (AC +6)
You cannot fit into any form of body armour.
You are cold-blooded and may be slowed by cold attacks.
You are immune to the effects of steam.


Message History

You throw a poisoned dart. The poisoned dart hits Maggie.
Maggie is poisoned.
Maggie is heavily wounded.
Maggie zaps a wand.
The puff of flame hits you!
Throw: 6 darts (poison)
Press: ? - help, Q - select action, (/) - cycle Shift-Dir - straight line, f/p - Maggie
Aim: Maggie, wielding a +0 war axe, wearing +0 steam dragon scales and carrying a wand of flame (heavily wounded, poisoned, 52% to hit)
You throw a poisoned dart.
The poisoned dart closely misses Maggie.
Maggie closely misses you.
You barely miss Maggie. You tail-slap Maggie.
Maggie is severely wounded.
Maggie casts a spell.
Maggie attempts to bespell you!
You are mesmerised by Maggie!
You feel much better.
Maggie zaps a wand.
The puff of flame hits you but does no damage.
You hit Maggie but do no damage.
Your tail-slap misses Maggie.
Maggie is severely wounded.
Maggie misses you.
You hit Maggie.
Maggie is severely wounded.
Maggie gestures at you while chanting. The bolt of fire misses you.
You hit Maggie but do no damage. Lightning courses through Maggie!
Maggie is almost dead.
Maggie hits you but does no damage.
You hit Maggie but do no damage. You tail-slap Maggie.
Maggie is almost dead.
Maggie mumbles the words to a spell, but in the wrong order.
Maggie points at you and mumbles some strange words.
The bolt of fire hits you!!
An iguana comes into view.
The iguana hisses angrily.
You hit Maggie but do no damage.
Maggie is almost dead.
Maggie looks more healthy.
Maggie points at you and mumbles some strange words.
The bolt of fire hits you!!
Ouch! That really hurt!
You die...

#.#..() .#....
..... ...@....
#..(###[..#..
#..(##.......
#...##......
#.@##.....
#.@##...#
#..##...# .
#..##...##...#
#.............
#..l..........
##.........#.#
#.............
##.#.#.###.#.#
#........#.#.#


You could see Maggie (mesmerising) and an iguana.

Vanquished Creatures
  2 black bears (D:5)
  3 ogres
  A phantom (D:4)
  A scorpion (D:5)
  A jelly (D:6)
  2 hounds (D:5)
  3 orc priests (D:6)
  2 sleepcaps
  2 orc wizards (D:6)
  6 adders
  A white imp (D:6)
  2 ufetubi (D:6)
  3 dart slugs
  16 orcs
  4 ball pythons
  5 endoplasms
  3 giant cockroaches
  16 goblins
  20 hobgoblins
  9 jackals
  8 kobolds
  3 quokkas
  7 bats
  2 frilled lizards
  3 rats (D:2)
125 creatures vanquished.

Notes
Turn   | Place    | Note
-------+----------+-------------------------------------------
     0 | D:1      | booth the Draconian Air Elementalist began the quest for
                  | the Orb.
     0 | D:1      | Reached XP level 1. HP: 14/14 MP: 3/3
   266 | D:1      | Reached XP level 2. HP: 20/20 MP: 1/5
   906 | D:1      | Learned a level 2 spell: Static Discharge
  1040 | D:1      | Reached XP level 3. HP: 26/26 MP: 4/6
  1247 | D:2      | Learned a level 3 spell: Swiftness
  2112 | D:2      | Identified a scroll of acquirement
  2112 | D:2      | Acquired 1393 gold pieces
  2526 | D:3      | Reached XP level 4. HP: 33/33 MP: 5/7
  2739 | D:3      | Found a hazy altar of Hepliaklqana.
  2747 | D:3      | Found a broken altar of Ashenzari.
  2907 | D:3      | Found a runed translucent door.
  2908 | D:3      | Noticed Alphaeus's ghost (amateur OpSh)
  3094 | D:3      | Found Cookhargh's Distillery.
  3102 | D:3      | Bought a potion of curing for 30 gold pieces
  3102 | D:3      | Bought a potion of heal wounds for 50 gold pieces
  3511 | D:4      | Found Zorphelo's General Store.
  3521 | D:4      | Bought a scroll of identify for 28 gold pieces
  3638 | D:4      | Reached skill level 4 in Air Magic
  3657 | D:4      | Noticed a phantom
  3845 | D:4      | Found a bloodstained altar of Trog.
  3863 | D:4      | Killed a phantom
  3864 | D:4      | Reached XP level 5. HP: 38/38 MP: 4/9
  3907 | D:4      | Found a staircase to the Ecumenical Temple.
  3920 | Temple   | Entered the Ecumenical Temple
  3931 | Temple   | Became a worshipper of Vehumet
  4465 | D:5      | Entered Level 5 of the Dungeon
  4544 | D:5      | Found a runed translucent door.
  4544 | D:5      | Noticed AbbaRin's ghost (novice DECj)
  4665 | D:5      | Noticed a black bear
  4698 | D:5      | Killed a black bear
  4699 | D:5      | Reached skill level 5 in Air Magic
  4699 | D:5      | Reached XP level 6. HP: 45/45 MP: 5/10
  5432 | D:5      | Your scales start taking on a pale cyan-grey colour.
  5432 | D:5      | Reached skill level 6 in Air Magic
  5432 | D:5      | Reached XP level 7. HP: 37/50 MP: 4/12
  5432 | D:5      | Gained mutation: You are immune to the effects of steam.
                  | [Pale Draconian growth]
  5615 | D:5      | Reached * piety under Vehumet
  5615 | D:5      | Offered knowledge of Magic Dart by Vehumet.
  5948 | D:5      | Learned a level 4 spell: Airstrike
  6693 | D:6      | Noticed Maggie
  6712 | D:6      | Reached XP level 8. HP: 49/57 MP: 8/14
  6731 | D:6      | Killed from afar by Maggie

Illustrated notes

Levels and vault maps discovered:
D:1:      dpeg_arrival_short_road, layout_loops_cross, supply_closet_lemuel,
          eino_curves_04, serial_bayou_pond_d
D:2:      layout_basic, hex_large, minmay_crystal_water, corner_web_ring
D:3:      layout_loops_corners, mainiacjoe_overflow_big_doors,
          gammafunk_ghost_grave, serial_shops, shop
D:4:      layout_loops_cross, overflow_temple_1_default,
          minmay_temple_entry_arrows, serial_shops, shop
D:5:      corexii_shantytown, layout_loops_ring, hellmonk_ghost_happy_afterlife
D:6:      layout_basic, pf_just_have_faith, serial_shops, shop, minivault_11,
          nicolae_zen_rock_garden, uniq_menkaure, uniq_maggie,
          uniq_prince_ribbit1
Temple:   nicolae_temple_figure_eight

Skill      XL: |  1  2  3  4  5  6  7 |
---------------+----------------------+-----
Dodging        | 2 3 4 |  4.1
Stealth        | 2 3 4 |  4.4
Air Magic      | 4 5 6 |  6.8
Spellcasting   | 3 4 |  4.2
Conjurations   | 2 |  2.6

Action                     |  1- 3 |  4- 6 |  7- 9 || total
---------------------------+-------+-------+-------++-------
  Melee: Unarmed           |     5 |       |       ||     5
         Short sword       |    15 |    53 |    49 ||   117
         Tailslap          |     1 |     5 |     9 ||    15
         Punch             |       |     1 |       ||     1
  Throw: Dart              |       |     1 |     6 ||     7
         Javelin           |       |       |     1 ||     1
   Cast: Shock             |    70 |   105 |    68 ||   243
         Static Discharge  |     3 |     6 |     9 ||    18
    Use: Scroll            |     5 |     7 |     1 ||    13
         Potion            |     1 |       |     2 ||     3
 Armour: Skin              |    17 |    55 |    64 ||   136
  Dodge: Dodged            |    19 |    59 |    58 ||   136
